 Dungeon Crawl Stone Soup version 0.25-a0-316-gd28d56f (webtiles) character file.

Game seed: 388083643467865565, levelgen mode: deterministic

4368 Eglamore the Fighter (level 10, -3/91 HPs)
             Began as a Minotaur Fighter on Dec 25, 2019.
             Was an Elder of Okawaru.
             Slain by a six-headed hydra (5 damage)
             ... on level 8 of the Dungeon.
             The game lasted 00:21:00 (7909 turns).

Eglamore the Fighter (Minotaur Fighter)             Turns: 7909, Time: 00:21:03

Health: -3/91      AC:  9    Str: 31    XL:     10   Next: 13%
Magic:  7/9        EV: 13    Int:  5    God:    Okawaru [****..]
Gold:   281        SH:  0    Dex: 11    Spells: 9/9 levels left

rFire    x . .     SeeInvis .   z - +4 battleaxe (freeze)
rCold    + . .     Gourm    .   (shield currently unavailable)
rNeg     . . .     Faith    .   b - +0 scale mail
rPois    .         Spirit   .   (helmet restricted)
rElec    .         Reflect  .   (no cloak)
rCorr    .         Harm     .   (no gloves)
MR       .....                  (no boots)
Stlth    +.........             (no amulet)
HPRegen  0.25/turn              C - ring of ice
MPRegen  0.11/turn              x - +3 ring of strength

@: mighty, heroism
A: retaliatory headbutt, horns 2
a: Heroism, Renounce Religion


You were on level 8 of the Dungeon.
You worshipped Okawaru.
Okawaru was greatly pleased with you.
You were not hungry.

You visited 2 branches of the dungeon, and saw 9 of its levels.
You also visited: Bailey.

You collected 373 gold pieces.
You spent 92 gold pieces at shops.

Inventory:

Hand Weapons
 q - a +0 whip of freezing
 z - a +4 battleaxe of freezing (weapon)
Missiles
 t - 7 datura-tipped darts (quivered)
Armour
 b - a +0 scale mail (worn)
 c - a +0 shield
Jewellery
 x - a +3 ring of strength (right hand)
 A - an uncursed ring of resist corrosion
 C - a ring of ice (left hand)
Wands
 v - a wand of disintegration (18)
 B - a wand of iceblast (7)
 E - a wand of scattershot (4)
Scrolls
 a - 2 scrolls of immolation {unknown}
 g - 8 scrolls of teleportation
 k - a scroll of fear {unknown}
 m - 8 scrolls of identify
 p - 2 scrolls of remove curse
 r - 2 scrolls of blinking
 u - a scroll of amnesia {unknown}
 w - a scroll of enchant armour {unknown}
 y - a scroll of random uselessness {unknown}
 F - a scroll of enchant weapon {unknown}
 G - a scroll of brand weapon {unknown}
 H - a scroll of summoning {unknown}
Potions
 d - 2 potions of might
 e - 6 potions of mutation {unknown}
 h - a potion of flight {unknown}
 i - a potion of berserk rage {unknown}
 j - a potion of ambrosia {unknown}
 l - 6 potions of curing
 n - 8 potions of heal wounds {unknown}
 o - 5 potions of brilliance {unknown}
 s - 3 potions of lignification {unknown}
 D - 2 potions of haste
 I - 2 potions of degeneration {unknown}
 J - 2 potions of magic {unknown}
 K - a potion of experience {unknown}
Comestibles
 f - 13 rations


   Skills:
 + Level 9.3(14.3) Fighting
 * Level 6.5(13.1) Axes
 - Level 7.5(13.6) Maces & Flails
 + Level 9.2(14.2) Armour
 + Level 9.3(14.3) Shields


You had 9 spell levels left.
You didn't know any spells.
Your spell library contained the following spells:

 Spells                   Type           Power        Failure   Level  Hunger
 Beastly Appendage        Tmut           #.....       65%         1    ##.....
 Sticks to Snakes         Tmut           #.......     80%         2    ###....
 Spider Form              Tmut/Pois      #.........   95%         3    ####...
 Ice Form                 Ice/Tmut       #.......     100%        4    #####..
 Blade Hands              Tmut           #.........   100%        5    ######.


Dungeon Overview and Level Annotations

Branches:
Dungeon (8/15)             Temple (1/1) D:6          Bailey (visited)
   Lair: D:8-11

Altars:
Ashenzari
Cheibriados
Dithmenos
Elyvilon
Fedhas
Gozag
Hepliaklqana
Kikubaaqudgha
Makhleb
Nemelex Xobeh
Okawaru
Qazlal
Sif Muna
Trog
Uskayaw
Vehumet
Wu Jian
Xom
Yredelemnul
Zin
The Shining One

Shops:
D:6 *   D:7 *   D:8 *

Annotations:
D:6 cursed gold dragon armor
D:7 2 transporters, timneilson's ghost, novice GrFi


Innate Abilities, Weirdness & Mutations

You reflexively headbutt those who attack you in melee.
You have a pair of horns on your head.


Message History

The five-headed hydra bites you but does no damage.
The five-headed hydra misses you. The five-headed hydra bites you.
The five-headed hydra barely misses you.
The five-headed hydra bites you!
* * * LOW HITPOINT WARNING * * *
Unknown command.
You hack one of the five-headed hydra's heads off!
The four-headed hydra grows two more!
You slash the six-headed hydra! You freeze the six-headed hydra.
The six-headed hydra is heavily wounded.
The six-headed hydra bites you but does no damage.
The six-headed hydra bites you.
* * * LOW HITPOINT WARNING * * *
The six-headed hydra bites you!
* * * LOW HITPOINT WARNING * * *
The six-headed hydra bites you!
* * * LOW HITPOINT WARNING * * *
The six-headed hydra bites you but does no damage.
The six-headed hydra bites you.
You die...

,,,,,,,#D.z§#,,,,....#.#,***,*
########o##?#o,###.....#,,**,*
.......#.##Dg..#......,**,**,*
.####..∩.#.KoW.#.#Ko.,,**,**,*
.# ######..#Kg#.#o##****,,*,*
.# *#....K.K...## **,*,* .#
*...≈≈≈≈≈≈≈..# *,,,* ##
*#.)≈#####≈o.# **,,*
#..≈#..@#≈..# *,,* ****
**,≈#)∩.Do5.# **>* *,,*
*,≈#.)(#≈.## *** #,,*
*,≈#####≈.# #*,* *,≈≈≈≈≈≈≈.#
.,** ******,,,,,,$..# ,,*
*,,,,,,,,,,,..## ***
*,*********#### *,*


You could see a six-headed hydra, a shadow imp and an orc.

Vanquished Creatures
  An orc knight (Bailey)
  Pikel (D:7)
  Grinder (D:3)
  A spriggan (D:7)
  A hungry ghost (D:8)
  A phantom (D:7)
  A necrophage (D:6)
  A centaur (D:5)
  3 ogres
  2 big kobolds (D:8)
  3 bullfrogs
  2 scorpions
  3 vampire bats (D:7)
  4 wights (D:7)
  A howler monkey (D:4)
  6 crimson imps
  A quasit (D:8)
  A centaur zombie (D:7)
  A bullfrog skeleton (D:6)
  2 hounds
  7 orc priests
  3 orc wizards
  3 gnoll shamans
  An iguana (D:7)
  11 worker ants
  A hound zombie (D:5)
  A hound skeleton (D:7)
  A howler monkey zombie (D:5)
  2 worker ant zombies (D:6)
  41 gnolls
  11 adders
  3 shadow imps
  An ooze (D:2)
  An adder skeleton (D:6)
  An adder zombie (D:7)
  2 worms
  A dart slug (D:3)
  4 leopard geckos
  29 orcs
  5 bats (D:2)
  3 bat skeletons (D:7)
  2 bat zombies (D:7)
  9 giant cockroaches
  8 goblins
  22 hobgoblins
  2 jackals (D:1)
  2 quokkas
  19 kobolds
  A leopard gecko skeleton (D:4)
  6 rats
240 creatures vanquished.

Vanquished Creatures (others)
  A plant (D:8)
1 creature vanquished.

Grand Total: 241 creatures vanquished

Notes
Turn   | Place    | Note
-------+----------+-------------------------------------------
     0 | D:1      | Eglamore the Minotaur Fighter began the quest for the Orb.
     0 | D:1      | Reached XP level 1. HP: 19/19 MP: 0/0
   110 | D:1      | Reached XP level 2. HP: 27/27 MP: 1/1
   202 | D:1      | Reached XP level 3. HP: 20/33 MP: 2/2
   796 | D:1      | Reached XP level 4. HP: 36/41 MP: 3/3
  1163 | D:2      | Reached XP level 5. HP: 21/47 MP: 4/4
  1754 | D:2      | You fall into a shaft and drop 2 floors!
  1764 | D:4      | You fall into a shaft and drop 2 floors!
  1776 | D:6      | Reached skill level 5 in Fighting
  1802 | D:6      | Reached skill level 5 in Shields
  1845 | D:6      | Reached skill level 5 in Armour
  1848 | D:6      | Reached XP level 6. HP: 33/56 MP: 5/5
  1869 | D:6      | Found a staircase to the Ecumenical Temple.
  1884 | Temple   | Entered the Ecumenical Temple
  1891 | Temple   | Became a worshipper of Warmaster Okawaru
  1957 | D:6      | Found a snail-covered altar of Cheibriados.
  1972 | D:6      | Found an opulent altar of Gozag.
  1996 | D:6      | Reached skill level 5 in Maces & Flails
  1996 | D:6      | Reached XP level 7. HP: 62/62 MP: 6/6
  2128 | D:6      | Reached * piety under Okawaru
  2509 | D:6      | Found Woireppast's Lightly-Used Armoury.
  2859 | D:5      | Entered Level 5 of the Dungeon
  3115 | D:5      | Reached XP level 8. HP: 71/71 MP: 7/7
  3839 | D:4      | Reached ** piety under Okawaru
  4085 | D:4      | Found a basalt altar of Yredelemnul.
  4521 | D:3      | Noticed Grinder
  4531 | D:3      | Paralysed by Grinder for 3 turns
  4541 | D:3      | Paralysed by Grinder for 7 turns
  4551 | D:3      | Paralysed by Grinder for 2 turns
  4554 | D:3      | Killed Grinder
  4714 | D:3      | Found an ornate altar of the Wu Jian Council.
  5318 | D:7      | Reached XP level 9. HP: 63/81 MP: 5/8
  5320 | D:7      | Found a transporter.
  5475 | D:7      | Noticed a moth of wrath
  5477 | D:7      | Noticed timneilson's ghost (novice GrFi)
  5478 | D:7      | Reached skill level 1 in Axes
  5512 | D:7      | Found a transporter.
  5518 | D:7      | Found the +3 pair of gauntlets of War {Slay+5}
  5603 | D:7      | Found an ancient bone altar of Kikubaaqudgha.
  6094 | D:7      | Found Gat Nogi's General Store.
  6107 | D:7      | Bought a scroll of identify for 22 gold pieces
  6107 | D:7      | Bought a scroll of identify for 22 gold pieces
  6377 | D:7      | Found a hazy altar of Hepliaklqana.
  6630 | D:7      | Noticed Pikel
  6638 | D:7      | Reached *** piety under Okawaru
  6640 | D:7      | Killed Pikel
  6640 | D:7      | Reached skill level 5 in Axes
  6757 | D:8      | Found Dehuw's General Store.
  6765 | D:8      | Bought a scroll of identify for 24 gold pieces
  6765 | D:8      | Bought a scroll of identify for 24 gold pieces
  6790 | D:8      | Noticed a six-headed hydra
  6791 | D:8      | Noticed a four-headed hydra
  6797 | D:8      | Found a flagged portal.
  6802 | Bailey   | Entered a bailey
  7426 | Bailey   | Noticed an orc knight
  7433 | Bailey   | Killed an orc knight
  7433 | Bailey   | Reached **** piety under Okawaru
  7433 | Bailey   | Reached XP level 10. HP: 27/91 MP: 6/9
  7909 | D:8      | HP: 2/91 [six-headed hydra (9)]
  7909 | D:8      | Slain by a six-headed hydra

Levels and vault maps discovered:
D:1:      ebering_trefoil_twist, layout_rooms, minmay_3d_cube
D:2:      layout_loops_corners
D:3:      layout_loops_ring, lemuel_doored_altar, uniq_grinder
D:4:      layout_loops_corners, lemuel_crystal_altar, first_ration
D:5:      layout_gridville
D:6:      layout_basic, nicolae_gozag_cash_rules_everything_around_me,
          nicolae_overflow_hidden_temple, minmay_temple_entry_statues_fountains,
          minmay_shop_damaged
D:7:      layout_loops_ring, marbit_many_paths, kennysheep_vampire_church,
          gammafunk_ghost_berserking_beasts, serial_shops, shop, the_bakery,
          roderic_lattice_a, uniq_pikel
D:8:      minmay_blocky_corners, layout_basic, enter_bailey_3,
          gammafunk_ghost_hydra_chop, serial_shops, shop,
          nicolae_ru_path_of_blood
Temple:   nicolae_temple_no_exploring_needed

Skill      XL: |  1  2  3  4  5  6  7  8  9 |
---------------+----------------------------+-----
Fighting       | 4 5 6 8 9 |  9.3
Shields        | 4 5 6 7 9 |  9.3
Maces & Flails | 3 4 5 6 7 |  7.5
Armour         | 4 5 6 7 9 |  9.2
Axes           | 6 |  6.5

Action                   |  1- 3 |  4- 6 |  7- 9 | 10-12 || total
-------------------------+-------+-------+-------+-------++-------
Melee: Flail             |    52 |   102 |    43 |       ||   197
       Headbutt          |     6 |    17 |   102 |     4 ||   129
       Whip              |       |       |   314 |       ||   314
       Battleaxe         |       |       |   127 |    18 ||   145
Invok: Heroism           |       |       |     8 |     2 ||    10
Evoke: Wand              |       |       |     2 |       ||     2
  Use: Scroll            |       |       |     7 |       ||     7
       Potion            |       |       |     1 |     1 ||     2
  Eat: Chunk             |       |     3 |    16 |       ||    19
       Ration            |       |       |     2 |     1 ||     3
Armor: Scale mail        |    18 |    44 |   134 |    18 ||   214
Dodge: Dodged            |    18 |    29 |   168 |    13 ||   228
Block: Shield            |    27 |    46 |   155 |       ||   228

Table legend:
 A = Non-vault XP
 B = Vault XP
 C = Vault XP percentage of total XP
 D = Non-vault monster count
 E = Vault monster count
 F = Vault count percentage of total count
                 A         B        C        D         E       F
            +---------+---------+-------+---------+---------+-------
      Total |    4070 |    2170 |  34.8 |     191 |      49 |  20.4
            +---------+---------+-------+---------+---------+-------
        D:1 |      74 |       4 |   5.1 |      19 |       2 |   9.5
        D:2 |     154 |       0 |   0.0 |      26 |       0 |   0.0
        D:3 |     116 |     267 |  69.7 |      13 |       1 |   7.1
        D:4 |     350 |       0 |   0.0 |      23 |       0 |   0.0
        D:5 |     652 |       0 |   0.0 |      31 |       0 |   0.0
        D:6 |    1083 |       0 |   0.0 |      35 |       0 |   0.0
        D:7 |    1070 |    1037 |  49.2 |      29 |      10 |  25.6
        D:8 |     571 |       3 |   0.5 |      15 |       2 |  11.8
     Bailey |       0 |     859 | 100.0 |       0 |      34 | 100.0
            +---------+---------+-------+---------+---------+-------
